 Seeded DCSS version 0.27.1-3-gb3d3a73c9e (webtiles) character file.

Game seed: 20211029 (custom seed)

59 jessy the Slasher (level 3, 0/34 HPs)
             Began as a Minotaur Berserker on Oct 29, 2021.
             Was a Follower of the Shining One.
             Slain by a black bear (2 damage)
             ... created by the rage of Trog
             ... on level 2 of the Dungeon.
             The game lasted 00:05:49 (1645 turns).

jessy the Slasher (Minotaur Berserker)              Turns: 1645, Time: 00:05:50

Health: 0/34       AC:  9    Str: 19 (22) XL:     3   Next: 78%
Magic:  2/2        EV:  8    Int:  4      God:    the Shining One [*.....]
Gold:   53         SH:  0    Dex:  9      Spells: 2/2 levels left

rFire    . . .     SeeInvis .   f - +0 war axe
rCold    . . .     Faith    .   (no shield)
rNeg     . . .     Spirit   .   o - +0 chain mail
rPois    .         Reflect  .   (helmet restricted)
rElec    .         Harm     .   (no cloak)
rCorr    .         Rampage  .   (no gloves)
Will     .....                  (no boots)
Stlth    ..........             (no amulet)
HPRegen  0.11/turn              (no ring)
MPRegen  0.08/turn              (no ring)

@: glowing
A: horns 2, retaliatory headbutt
a: Renounce Religion


You were on level 2 of the Dungeon.
You worshipped the Shining One.
The Shining One was aware of your devotion.
You visited 1 branch of the dungeon, and saw 2 of its levels.

You collected 53 gold pieces.

Inventory:

Hand Weapons
 a - a +0 falchion
 f - a +0 war axe (weapon)
 k - a +1 dagger of venom
Missiles
 i - 6 boomerangs (quivered)
Armour
 b - a +0 animal skin
 c - a +0 robe
 h - a +0 leather armour
 o - a +0 chain mail (worn)
Scrolls
 e - a scroll of amnesia {unknown}
 j - a scroll of teleportation {unknown}
 l - a scroll of magic mapping {unknown}
 n - a scroll of blinking {unknown}
Potions
 d - a potion of haste {unknown}
 g - a potion of attraction {unknown}
 m - 2 potions of ambrosia {unknown}


   Skills:
 + Level 4.3 Fighting
 + Level 4.4 Long Blades
 + Level 1.3 Axes
 + Level 2.8 Armour
 + Level 2.5 Dodging


You had 2 spell levels left.
You didn't know any spells.
Your spell library was empty.

Dungeon Overview and Level Annotations

Branches:
Dungeon (2/15)

Altars:
The Shining One


Innate Abilities, Weirdness & Mutations

You have a pair of horns on your head.
You reflexively headbutt those who attack you in melee.


Message History

o - a +0 chain mail You start removing your armour.
You continue taking off your +0 leather armour. x4
You finish taking off your +0 leather armour.
You start putting on your armour.
You continue putting on your +0 chain mail. x5
You finish putting on your +0 chain mail.
You see here a quokka corpse.
There is an escape hatch in the floor here.
Trog sends monsters to punish you.
A polar bear and 2 black bears come into view.
You hit the black bear. Your headbutt misses the black bear.
The black bear is lightly wounded.
You hit the polar bear. You hit the black bear.
The black bear is moderately wounded.
You barely miss the polar bear.
The black bear bites you but does no damage.
The black bear claws you but does no damage.
The black bear claws you. The polar bear barely misses you.
The polar bear claws you but does no damage.
The polar bear claws you. The polar bear bites you!
The polar bear closely misses you.
The polar bear claws you but does no damage.
The black bear bites you!
* * * LOW HITPOINT WARNING * * *
The black bear claws you but does no damage.
The black bear claws you.
* * * LOW HITPOINT WARNING * * *
You hit the polar bear but do no damage.
The polar bear is lightly wounded.
You hit the black bear.
The black bear bites you but does no damage.
The black bear barely misses you. The black bear misses you.
The polar bear bites you.
* * * LOW HITPOINT WARNING * * *
The polar bear closely misses you. The polar bear barely misses you.
The black bear barely misses you. You furiously retaliate!
You headbutt the black bear. The black bear claws you.
You die...

###
#.#########
#.h@hh.....
#.########.
#.# #.# #.#
##.######.#
#............
#..######<#.#
#<.# #.#.# ##


You could see a polar bear (berserk) and 2 black bears.

Vanquished Creatures
  Jessica (D:2)
  A dart slug (D:1)
  A ball python (D:2)
  2 bats (D:1)
  5 endoplasms (D:1)
  2 giant cockroaches
  2 goblins (D:1)
  2 hobgoblins (D:1)
  3 quokkas
  A frilled lizard (D:1)
  A kobold (D:1)
  8 rats (D:1)
29 creatures vanquished.

Notes
Turn   | Place    | Note
-------+----------+-------------------------------------------
     0 | D:1      | jessy the Minotaur Berserker began the quest for the Orb.
     0 | D:1      | Reached XP level 1. HP: 19/19 MP: 0/0
   374 | D:1      | Reached XP level 2. HP: 26/27 MP: 1/1
   803 | D:1      | Reached skill level 1 in Axes
   865 | D:1      | Found a faded altar of an unknown god.
   872 | D:1      | Fell from the grace of Trog
   872 | D:1      | Became a worshipper of the Shining One
   872 | D:1      | Reached * piety under the Shining One
   990 | D:1      | Reached XP level 3. HP: 27/33 MP: 2/2
  1029 | D:2      | Noticed Jessica
  1039 | D:2      | Killed Jessica
  1643 | D:2      | Noticed a black bear
  1643 | D:2      | Noticed a polar bear
  1643 | D:2      | Noticed a black bear
  1645 | D:2      | Slain by a black bear

Illustrated notes

Levels and vault maps discovered:
D:1:      onia_arrival_handbag, layout_basic, basic_ecumenical_altar
D:2:      layout_basic, uniq_jessica

Skill      XL: |  1  2 |
---------------+-------+-----
Long Blades    | 4 |  4.4
Fighting       | 4 |  4.3
Axes           | 1 |  1.3
Armour         | |  2.8
Dodging        | |  2.5

Action                   || total
-------------------------++-------
Melee: War axe           ||    47
       Headbutt          ||     7
       Falchion          ||     1
Armor: Robe              ||     1
       Animal skin       ||     1
       Leather armour    ||    18
       Chain mail        ||     6
Dodge: Dodged            ||    60
